New York Rangers vs Chicago Black Hawks
Created - Wednesday, May 1, 2024 at 06:56
Goals
|
| New York Rangers |
1 |
1 |
3 |
5 |
| Chicago Black Hawks |
0 |
1 |
0 |
1 |
|
Shots
|
| New York Rangers |
16 |
9 |
13 |
38 |
| Chicago Black Hawks |
12 |
12 |
8 |
32 |
|
1st period
1. New York Rangers , Conor Garland 10 (Mikael Granlund 17) at 14:29
Penalties :
Dmitry Kulikov (NYR) for Roughing (Minor) at 0:22, Marcus Pettersson (CHI) for Holding (Minor) at 14:34
2nd period
2. New York Rangers , Filip Chytil 8 (Mathew Barzal 32, Matthew Benning 11) at 17:58
3. Chicago Black Hawks , Nicholas Paul 12 (Patrice Bergeron 41, Marcus Pettersson 8) at 19:26
Penalties :
Brent Burns (CHI) for Roughing (Minor) at 7:53
3rd period
4. New York Rangers , Artemi Panarin 22 (Nathan MacKinnon 32, Pierre-Luc Dubois 31) at 5:39
5. New York Rangers , Artemi Panarin 23 (Nathan MacKinnon 33, Pierre-Luc Dubois 32) at 13:55 (PP)
6. New York Rangers , Mathew Barzal 26 (Pierre-Luc Dubois 33) at 14:31 (PP)
Penalties :
Nicholas Paul (CHI) for High sticking (Double Minor) at 13:46
Goalie Stats
Igor Shesterkin (NYR), 31 saves from 32 shots - (0.969), W, 30-15-5, 60:00 minutes
Thatcher Demko (CHI), 33 saves from 38 shots - (0.868), L, 35-10-10, 60:00 minutes
Players Stats for New York Rangers
Player Name G A P +/- PIM S H SB GA TA FO MP PP MP PK MP
------------------------------------------------------------------------------------
Adam Larsson 0 0 0 0 0 2 3 1 0 0 0/0 21:23 2:56 0:54
Artemi Panarin 2 0 2 1 0 5 1 0 1 1 0/1 20:59 2:26 0:00
Cam Fowler 0 0 0 2 0 3 2 1 0 1 0/0 18:35 0:00 0:00
Cole Caufield 0 0 0 1 0 2 0 0 1 0 1/1 17:21 2:17 0:00
Conor Garland 1 0 1 0 0 2 0 0 1 0 0/1 12:08 0:00 0:00
David Kampf 0 0 0 0 0 1 0 0 0 0 3/7 8:34 0:00 1:01
Dmitry Kulikov 0 0 0 2 2 2 1 1 0 0 0/0 18:35 0:00 0:00
Eric Robinson 0 0 0 0 0 3 0 0 0 1 0/0 8:30 0:00 0:58
Filip Chytil 1 0 1 1 0 2 2 0 0 0 3/13 16:51 1:47 0:00
Gabriel Landeskog 0 0 0 0 0 3 1 0 1 0 0/0 14:20 2:10 0:00
Jake McCabe 0 0 0 0 0 0 3 0 0 1 0/0 18:10 0:00 1:05
Mark Giordano 0 0 0 0 0 0 0 1 0 1 0/0 20:19 1:47 0:54
Mathew Barzal 1 1 2 1 0 3 0 0 4 0 0/0 18:05 3:03 0:00
Matthew Benning 0 1 1 0 0 0 1 0 0 0 0/0 18:10 0:00 1:05
Mikael Granlund 0 1 1 0 0 4 2 0 1 0 6/14 15:18 2:10 0:58
Nathan MacKinnon 0 2 2 1 0 3 0 1 3 0 1/1 20:59 2:26 0:00
Pierre-Luc Dubois 0 3 3 1 0 3 3 0 0 0 8/19 20:59 2:26 0:00
Tyler Motte 0 0 0 0 0 0 0 1 1 0 0/0 8:44 0:07 1:01
Players Stats for Chicago Black Hawks
Player Name G A P +/- PIM S H SB GA TA FO MP PP MP PK MP
------------------------------------------------------------------------------------
Barrett Hayton 0 0 0 0 0 1 1 1 0 0 2/6 19:59 0:53 2:29
Bo Horvat 0 0 0 -2 0 6 2 0 0 0 6/9 16:56 1:06 0:00
Brent Burns 0 0 0 -2 2 0 0 1 0 2 0/0 23:43 0:58 0:59
Cale Makar 0 0 0 -1 0 5 1 1 0 2 0/0 23:21 1:01 0:31
Conor Sheary 0 0 0 0 0 2 0 0 0 0 0/0 12:39 0:00 0:00
Devon Toews 0 0 0 -1 0 1 0 1 0 1 0/0 19:37 1:01 2:29
Frederick Gaudreau 0 0 0 0 0 1 0 0 0 0 0/0 3:28 0:00 2:07
Jaden Schwartz 0 0 0 0 0 0 0 0 1 1 0/0 12:46 0:00 0:07
Kevin Fiala 0 0 0 -2 0 4 0 0 2 0 0/1 16:56 1:06 0:00
Kirby Dach 0 0 0 0 0 2 1 1 1 0 0/0 17:26 0:53 0:00
Marcus Pettersson 0 1 1 0 2 1 1 2 0 1 0/0 17:04 0:00 0:50
Michael Rasmussen 0 0 0 0 0 1 1 1 0 0 0/0 10:13 0:00 2:29
Nicholas Paul 1 0 1 0 4 1 2 0 0 0 9/14 19:36 0:00 0:07
Patrice Bergeron 0 1 1 0 0 5 0 0 1 2 17/24 20:05 0:53 2:07
Seth Jones 0 0 0 0 0 0 1 1 0 1 0/0 18:26 0:58 2:08
Shane Pinto 0 0 0 0 0 1 1 0 0 1 0/2 7:40 0:00 0:00
Travis Sanheim 0 0 0 0 0 0 0 0 0 2 0/0 18:23 0:00 2:29
Vincent Trocheck 0 0 0 -2 0 1 2 0 0 0 1/1 16:56 1:06 0:00
3 Stars
1 - Artemi Panarin (NYR)
2 - Igor Shesterkin (NYR)
3 - Pierre-Luc Dubois (NYR)
Power Play
New York Rangers - 2 on 4 Attempt(s) - 50.00%
Chicago Black Hawks - 0 on 1 Attempt(s) - 0.00%
Penalty Kill
New York Rangers - 1 on 1 Attempt(s) - 100.00%
- Score 0 goal in Penalty Kill
Chicago Black Hawks - 2 on 4 Attempt(s) - 50.00%
- Score 0 goal in Penalty Kill
Team Stat
New York Rangers - Hits : 19 - Faceoff Wins : 22 - Blocked Shots : 6 - Penalty Minutes : 2
Chicago Black Hawks - Hits : 13 - Faceoff Wins : 35 - Blocked Shots : 9 - Penalty Minutes : 8
Official
Referees : Trevor Hanson and Dave Jackson
Linesman : Brandon Gawryletz and Vaughan Rody
Game Notes
17:58 of 2nd period - New York Rangers goal is going for a video replay. After video review, Goal.
Finance
Level 1 -- Attendance: 4833 (80.55%) -- Ticket Income $483,300
Level 2 -- Attendance: 3882 (77.64%) -- Ticket Income $232,920
Level 3 -- Attendance: 2166 (72.20%) -- Ticket Income $75,810
Level 4 -- Attendance: 4009 (80.18%) -- Ticket Income $100,225
Luxury Box -- Attendance: 878 (87.80%) -- Ticket Income $175,600
Game was played at the United Center.
Total Attendance: 15768 (78.84%)
Total Ticket Income: $1,067,855
Other Income: $373,749
Total Income: $1,441,604
New York Rangers
5 vs 5 Forward
Center Left Wing Right Wing Time % Phy DF OF
1 Pierre-Luc Dubois Artemi Panarin Nathan MacKinnon 37 0 1 4
2 Filip Chytil Cole Caufield Mathew Barzal 30 1 1 3
3 Mikael Granlund Conor Garland Gabriel Landeskog 23 1 2 2
4 David Kampf Eric Robinson Tyler Motte 10 1 3 1
5 vs 5 Defense
Defense Defense Time % Phy DF OF
1 Cam Fowler Dmitry Kulikov 35 1 2 2
2 Adam Larsson Mark Giordano 33 1 2 2
3 Matthew Benning Jake McCabe 32 1 2 2
4 Cam Fowler Adam Larsson 0 1 2 2
PowerPlay Forward
Center Left Wing Right Wing Time % Phy DF OF
1 Pierre-Luc Dubois Nathan MacKinnon Artemi Panarin 50 0 1 4
2 Mikael Granlund Gabriel Landeskog Cole Caufield 50 0 1 4
PowerPlay Defense
Defense Defense Time % Phy DF OF
1 Mathew Barzal Adam Larsson 60 1 1 3
2 Filip Chytil Mark Giordano 40 1 1 3
Penalty Kill 4 Players Forward
Center Wing Time % Phy DF OF
1 David Kampf Tyler Motte 50 1 3 1
2 Mikael Granlund Eric Robinson 50 1 3 1
Penalty Kill 4 Players Defense
Defense Defense Time % Phy DF OF
1 Matthew Benning Dmitry Kulikov 50 1 3 1
2 Adam Larsson Mark Giordano 50 1 3 1
Penalty Kill - 3 Players Forward
Forward Time % Phy DF OF
1 Mikael Granlund 50 1 2 2
2 David Kampf 50 1 2 2
Penalty Kill - 3 Players Defense
Defense Defense Time % Phy DF OF
1 Matthew Benning Dmitry Kulikov 50 1 3 1
2 Adam Larsson Mark Giordano 50 1 3 1
4 vs 4 Forward
Center Wing Time % Phy DF OF
1 Nathan MacKinnon Artemi Panarin 50 0 2 3
2 Pierre-Luc Dubois Cole Caufield 50 0 2 3
4 vs 4 Defense
Defense Defense Time % Phy DF OF
1 Cam Fowler Adam Larsson 50 1 2 2
2 Dmitry Kulikov Mark Giordano 50 1 2 2
Last Minutes Offensive
Center Left Wing Right Wing Defense Defense
Nathan MacKinnon Cole Caufield Pierre-Luc Dubois Cam Fowler Adam Larsson
Last Minutes Defensive
Center Left Wing Right Wing Defense Defense
David Kampf Tyler Motte Mikael Granlund Dmitry Kulikov Adam Larsson
Goaltenders
Starting : Igor Shesterkin
Backup : Tristan Jarry
Extra Forwards
Normal : Nathan MacKinnon, Pierre-Luc Dubois, Gabriel Landeskog - PP : Gabriel Landeskog, Cole Caufield - PK : David Kampf
Extra Defensemen
Normal : Matthew Benning, Jake McCabe, Dmitry Kulikov - PP : Matthew Benning - PK : Jake McCabe, Dmitry Kulikov
Penalty Shots
Artemi Panarin, Cole Caufield, Pierre-Luc Dubois, Mark Giordano, David Kampf
Chicago Black Hawks
5 vs 5 Forward
Center Left Wing Right Wing Time % Phy DF OF
1 Bo Horvat Kevin Fiala Vincent Trocheck 30 1 2 2
2 Patrice Bergeron Barrett Hayton Kirby Dach 30 1 2 2
3 Nicholas Paul Jaden Schwartz Conor Sheary 25 1 2 2
4 Shane Pinto Michael Rasmussen Nicholas Paul 15 1 2 2
5 vs 5 Defense
Defense Defense Time % Phy DF OF
1 Cale Makar Seth Jones 30 0 3 2
2 Brent Burns Devon Toews 30 1 3 1
3 Travis Sanheim Marcus Pettersson 25 0 4 1
4 Cale Makar Brent Burns 15 0 3 2
PowerPlay Forward
Center Left Wing Right Wing Time % Phy DF OF
1 Bo Horvat Kevin Fiala Vincent Trocheck 50 0 0 5
2 Patrice Bergeron Barrett Hayton Kirby Dach 50 0 0 5
PowerPlay Defense
Defense Defense Time % Phy DF OF
1 Brent Burns Seth Jones 50 0 1 4
2 Cale Makar Devon Toews 50 0 1 4
Penalty Kill 4 Players Forward
Center Wing Time % Phy DF OF
1 Patrice Bergeron Frederick Gaudreau 50 0 5 0
2 Barrett Hayton Michael Rasmussen 50 0 5 0
Penalty Kill 4 Players Defense
Defense Defense Time % Phy DF OF
1 Devon Toews Travis Sanheim 50 0 5 0
2 Brent Burns Seth Jones 50 0 5 0
Penalty Kill - 3 Players Forward
Forward Time % Phy DF OF
1 Bo Horvat 50 0 5 0
2 Frederick Gaudreau 50 0 5 0
Penalty Kill - 3 Players Defense
Defense Defense Time % Phy DF OF
1 Marcus Pettersson Seth Jones 50 0 5 0
2 Travis Sanheim Devon Toews 50 0 5 0
4 vs 4 Forward
Center Wing Time % Phy DF OF
1 Vincent Trocheck Frederick Gaudreau 50 1 2 2
2 Shane Pinto Kevin Fiala 50 1 2 2
4 vs 4 Defense
Defense Defense Time % Phy DF OF
1 Devon Toews Travis Sanheim 50 1 3 1
2 Marcus Pettersson Cale Makar 50 0 4 1
Last Minutes Offensive
Center Left Wing Right Wing Defense Defense
Bo Horvat Kevin Fiala Vincent Trocheck Cale Makar Seth Jones
Last Minutes Defensive
Center Left Wing Right Wing Defense Defense
Bo Horvat Kevin Fiala Vincent Trocheck Cale Makar Seth Jones
Goaltenders
Starting : Thatcher Demko
Backup : Jordan Binnington
Extra Forwards
Normal : Frederick Gaudreau, Nicholas Paul, Jaden Schwartz - PP : Frederick Gaudreau, Nicholas Paul - PK : Jaden Schwartz
Extra Defensemen
Normal : Travis Sanheim, Marcus Pettersson, Brent Burns - PP : Travis Sanheim - PK : Marcus Pettersson, Brent Burns
Penalty Shots
Bo Horvat, Patrice Bergeron, Vincent Trocheck, Kevin Fiala, Barrett Hayton
% Time on Ice - New York Rangers
Lines # - Real PCT - Wanted PCT - Time Play
Normal Forward
1 - 35% - 37% - 18:37
2 - 28% - 30% - 15:01
3 - 23% - 23% - 12:08
4 - 14% - 10% - 7:32
Normal Defense
1 - 35% - 35% - 18:36
2 - 33% - 33% - 17:38
3 - 32% - 32% - 17:04
4 - 0% - 0% - 0:00
PP Forward
1 - 54% - 50% - 2:33
2 - 46% - 50% - 2:10
PP Defense
1 - 62% - 60% - 2:56
2 - 38% - 40% - 1:47
PK Forward
1 - 51% - 50% - 1:01
2 - 49% - 50% - 0:58
PK Defense
1 - 55% - 50% - 1:05
2 - 45% - 50% - 0:54
PK3 Forward
1 - 0% - 50%
2 - 0% - 50%
PK3 Defense
1 - 0% - 50%
2 - 0% - 50%
44 Forward
1 - 0% - 50%
2 - 0% - 50%
44 Defense
1 - 0% - 50%
2 - 0% - 50%
Last Minute Offensive - 0:00
Last Minute Defensive - 0:00
Total
Forward - 60:00
Defense - 60:00
|
% Time on Ice - Chicago Black Hawks
Lines # - Real PCT - Wanted PCT - Time Play
Normal Forward
1 - 31% - 30% - 16:22
2 - 31% - 30% - 16:37
3 - 24% - 25% - 12:39
4 - 14% - 15% - 7:40
Normal Defense
1 - 30% - 30% - 15:52
2 - 29% - 30% - 15:18
3 - 29% - 25% - 15:22
4 - 13% - 15% - 6:46
PP Forward
1 - 55% - 50% - 1:06
2 - 45% - 50% - 0:53
PP Defense
1 - 49% - 50% - 0:58
2 - 51% - 50% - 1:01
PK Forward
1 - 47% - 50% - 2:14
2 - 53% - 50% - 2:29
PK Defense
1 - 53% - 50% - 2:29
2 - 47% - 50% - 2:14
PK3 Forward
1 - 0% - 50%
2 - 0% - 50%
PK3 Defense
1 - 0% - 50%
2 - 0% - 50%
44 Forward
1 - 0% - 50%
2 - 0% - 50%
44 Defense
1 - 0% - 50%
2 - 0% - 50%
Last Minute Offensive - 0:00
Last Minute Defensive - 0:00
Total
Forward - 60:00
Defense - 60:00
|
Play-by-Play
1st period
0:01 of 1st period - Bo Horvat wins face-off versus Artemi Panarin in neutral zone.
0:12 of 1st period - Slapshot by Bo Horvat.
0:12 of 1st period - Shot Misses the Net.
0:14 of 1st period - Slapshot by Bo Horvat.
0:14 of 1st period - Stopped by Igor Shesterkin with a rebound.
0:22 of 1st period - Minor Penalty to Dmitry Kulikov for Roughing.
0:23 of 1st period - Bo Horvat wins face-off versus David Kampf in New York Rangers zone.
0:30 of 1st period - Snap shot by Bo Horvat.
0:30 of 1st period - Stopped by Igor Shesterkin with a rebound.
0:48 of 1st period - Snap shot by Eric Robinson.
0:48 of 1st period - Stopped by Thatcher Demko without a rebound.
0:49 of 1st period - Patrice Bergeron wins face-off versus David Kampf in Chicago Black Hawks zone.
2:11 of 1st period - Icing by Kevin Fiala.
2:12 of 1st period - David Kampf wins face-off versus Bo Horvat in Chicago Black Hawks zone.
2:22 of 1st period - Penalty to Dmitry Kulikov is over, Dmitry Kulikov is back on ice.
2:52 of 1st period - Off-side.
2:53 of 1st period - Pierre-Luc Dubois wins face-off versus Shane Pinto in neutral zone.
3:04 of 1st period - Snap shot by Shane Pinto.
3:04 of 1st period - Shot Misses the Net.
3:14 of 1st period - Snap shot by Kevin Fiala.
3:14 of 1st period - Deflect By Pierre-Luc Dubois.
3:14 of 1st period - Stopped by Igor Shesterkin with a rebound.
3:20 of 1st period - Brent Burns is hit by Pierre-Luc Dubois and loses puck.
3:31 of 1st period - Wrist shot by Artemi Panarin.
3:31 of 1st period - Stopped by Thatcher Demko without a rebound.
3:32 of 1st period - Mikael Granlund wins face-off versus Patrice Bergeron in Chicago Black Hawks zone.
3:35 of 1st period - Wrist shot by Mikael Granlund.
3:35 of 1st period - Shot Misses the Net.
3:37 of 1st period - Snap shot by Matthew Benning.
3:37 of 1st period - Shot Blocked by Barrett Hayton.
4:32 of 1st period - Wrist shot by Bo Horvat.
4:32 of 1st period - Deflect By Kevin Fiala.
4:32 of 1st period - Stopped by Igor Shesterkin with a rebound.
5:11 of 1st period - Wrist shot by Mikael Granlund.
5:11 of 1st period - Stopped by Thatcher Demko without a rebound.
5:12 of 1st period - Pierre-Luc Dubois wins face-off versus Bo Horvat in Chicago Black Hawks zone.
5:47 of 1st period - Snap shot by Kevin Fiala.
5:47 of 1st period - Stopped by Igor Shesterkin without a rebound.
5:48 of 1st period - Patrice Bergeron wins face-off versus Mikael Granlund in New York Rangers zone.
5:59 of 1st period - Snap shot by Patrice Bergeron.
5:59 of 1st period - Stopped by Igor Shesterkin without a rebound.
6:00 of 1st period - Mikael Granlund wins face-off versus Nicholas Paul in New York Rangers zone.
6:06 of 1st period - Off-side.
6:07 of 1st period - Nicholas Paul wins face-off versus Mikael Granlund in neutral zone.
7:17 of 1st period - Wrist shot by Mikael Granlund.
7:17 of 1st period - Stopped by Thatcher Demko with a rebound.
8:31 of 1st period - Snap shot by Kevin Fiala.
8:31 of 1st period - Stopped by Igor Shesterkin without a rebound.
8:32 of 1st period - Pierre-Luc Dubois wins face-off versus Kevin Fiala in New York Rangers zone.
8:32 of 1st period - Pierre-Luc Dubois is hit by Bo Horvat.
8:52 of 1st period - Mark Giordano is hit by Vincent Trocheck and loses puck.
9:33 of 1st period - Wrist shot by Artemi Panarin.
9:33 of 1st period - Stopped by Thatcher Demko with a rebound.
9:35 of 1st period - Slapshot by Pierre-Luc Dubois.
9:35 of 1st period - Stopped by Thatcher Demko with a rebound.
9:37 of 1st period - Wrist shot by Adam Larsson.
9:37 of 1st period - Shot Misses the Net.
10:17 of 1st period - Wrist shot by Bo Horvat.
10:17 of 1st period - Stopped by Igor Shesterkin with a rebound.
10:20 of 1st period - Icing by Mark Giordano.
10:21 of 1st period - Patrice Bergeron wins face-off versus Pierre-Luc Dubois in New York Rangers zone.
10:34 of 1st period - Snap shot by Nathan MacKinnon.
10:34 of 1st period - Stopped by Thatcher Demko with a rebound.
10:36 of 1st period - Slapshot by Adam Larsson.
10:36 of 1st period - Stopped by Thatcher Demko with a rebound.
10:38 of 1st period - Slapshot by Adam Larsson.
10:38 of 1st period - Shot Blocked by Brent Burns.
10:40 of 1st period - Wrist shot by Nathan MacKinnon.
10:40 of 1st period - Shot Blocked by Cale Makar.
10:42 of 1st period - Slapshot by Adam Larsson.
10:42 of 1st period - Deflect By Cale Makar.
10:42 of 1st period - Stopped by Thatcher Demko without a rebound.
10:43 of 1st period - Nicholas Paul wins face-off versus Filip Chytil in Chicago Black Hawks zone.
10:50 of 1st period - Snap shot by Cole Caufield.
10:50 of 1st period - Stopped by Thatcher Demko without a rebound.
10:51 of 1st period - Nicholas Paul wins face-off versus Filip Chytil in Chicago Black Hawks zone.
10:58 of 1st period - Dmitry Kulikov is hit by Nicholas Paul.
11:04 of 1st period - Nicholas Paul is hit by Filip Chytil and loses puck.
12:33 of 1st period - Snap shot by Mathew Barzal.
12:33 of 1st period - Stopped by Thatcher Demko with a rebound.
12:35 of 1st period - Slapshot by Dmitry Kulikov.
12:35 of 1st period - Deflect By Brent Burns.
12:35 of 1st period - Stopped by Thatcher Demko without a rebound.
12:36 of 1st period - Patrice Bergeron wins face-off versus Mikael Granlund in Chicago Black Hawks zone.
12:47 of 1st period - Snap shot by Gabriel Landeskog.
12:47 of 1st period - Stopped by Thatcher Demko without a rebound.
12:48 of 1st period - Patrice Bergeron wins face-off versus Conor Garland in Chicago Black Hawks zone.
12:48 of 1st period - Patrice Bergeron is hit by Jake McCabe.
13:01 of 1st period - Snap shot by Kirby Dach.
13:01 of 1st period - Stopped by Igor Shesterkin without a rebound.
13:02 of 1st period - David Kampf wins face-off versus Patrice Bergeron in New York Rangers zone.
13:27 of 1st period - Jake McCabe is hit by Seth Jones and loses puck.
14:29 of 1st period - Snap shot by Conor Garland.
14:29 of 1st period - Goal by Conor Garland - New York Rangers : 1 - Chicago Black Hawks : 0.
14:30 of 1st period - Filip Chytil wins face-off versus Patrice Bergeron in neutral zone.
14:34 of 1st period - Minor Penalty to Marcus Pettersson for Holding.
14:35 of 1st period - Patrice Bergeron wins face-off versus Pierre-Luc Dubois in Chicago Black Hawks zone.
15:07 of 1st period - Michael Rasmussen is hit by Adam Larsson and loses puck.
16:34 of 1st period - Penalty to Marcus Pettersson is over, Marcus Pettersson is back on ice.
17:03 of 1st period - Snap shot by Patrice Bergeron.
17:03 of 1st period - Stopped by Igor Shesterkin with a rebound.
17:05 of 1st period - Snap shot by Frederick Gaudreau.
17:05 of 1st period - Stopped by Igor Shesterkin without a rebound.
17:06 of 1st period - Nicholas Paul wins face-off versus Mikael Granlund in New York Rangers zone.
17:33 of 1st period - Backhand shot by Bo Horvat.
17:33 of 1st period - Shot Misses the Net.
17:35 of 1st period - Snap shot by Bo Horvat.
17:35 of 1st period - Stopped by Igor Shesterkin with a rebound.
17:53 of 1st period - Dmitry Kulikov is hit by Shane Pinto and loses puck.
18:04 of 1st period - Slapshot by Cam Fowler.
18:04 of 1st period - Stopped by Thatcher Demko with a rebound.
18:10 of 1st period - Eric Robinson is hit by Marcus Pettersson and loses puck.
19:09 of 1st period - Wrist shot by Matthew Benning.
19:09 of 1st period - Deflect By Eric Robinson.
19:09 of 1st period - Stopped by Thatcher Demko with a rebound.
19:11 of 1st period - Slapshot by Tyler Motte.
19:11 of 1st period - Shot Misses the Net.
Goals for this period are 1 for New York Rangers vs 0 for Chicago Black Hawks.
Shots for this period are 16 for New York Rangers vs 12 for Chicago Black Hawks.
2nd period
0:01 of 2nd period - Patrice Bergeron wins face-off versus Pierre-Luc Dubois in neutral zone.
2:30 of 2nd period - Backhand shot by Artemi Panarin.
2:30 of 2nd period - Shot Blocked by Devon Toews.
3:06 of 2nd period - Snap shot by Cole Caufield.
3:06 of 2nd period - Shot Misses the Net.
3:08 of 2nd period - Snap shot by Filip Chytil.
3:08 of 2nd period - Shot Misses the Net.
3:10 of 2nd period - Snap shot by Filip Chytil.
3:10 of 2nd period - Stopped by Thatcher Demko with a rebound.
3:12 of 2nd period - Snap shot by Cole Caufield.
3:12 of 2nd period - Shot Blocked by Kirby Dach.
3:44 of 2nd period - Travis Sanheim is hit by Pierre-Luc Dubois and loses puck.
3:57 of 2nd period - Kevin Fiala is hit by Gabriel Landeskog.
4:01 of 2nd period - Kevin Fiala is hit by Matthew Benning and loses puck.
4:13 of 2nd period - Icing by Cale Makar.
4:14 of 2nd period - Patrice Bergeron wins face-off versus Filip Chytil in Chicago Black Hawks zone.
4:19 of 2nd period - Wrist shot by Cale Makar.
4:19 of 2nd period - Shot Misses the Net.
4:25 of 2nd period - Kirby Dach is hit by Cam Fowler and loses puck.
4:39 of 2nd period - Wrist shot by Mathew Barzal.
4:39 of 2nd period - Shot Misses the Net.
5:05 of 2nd period - Slapshot by Kirby Dach.
5:05 of 2nd period - Shot Misses the Net.
5:11 of 2nd period - Snap shot by Cale Makar.
5:11 of 2nd period - Stopped by Igor Shesterkin without a rebound.
5:12 of 2nd period - Pierre-Luc Dubois wins face-off versus Nicholas Paul in New York Rangers zone.
5:54 of 2nd period - Wrist shot by Nathan MacKinnon.
5:54 of 2nd period - Stopped by Thatcher Demko with a rebound.
6:15 of 2nd period - Wrist shot by Gabriel Landeskog.
6:15 of 2nd period - Stopped by Thatcher Demko without a rebound.
6:16 of 2nd period - Nicholas Paul wins face-off versus Mikael Granlund in Chicago Black Hawks zone.
6:20 of 2nd period - Off-side.
6:21 of 2nd period - Mikael Granlund wins face-off versus Nicholas Paul in neutral zone.
6:24 of 2nd period - Slapshot by Gabriel Landeskog.
6:24 of 2nd period - Deflect By Conor Garland.
6:24 of 2nd period - Stopped by Thatcher Demko without a rebound.
6:25 of 2nd period - Nicholas Paul wins face-off versus Mikael Granlund in Chicago Black Hawks zone.
6:48 of 2nd period - Slapshot by Mikael Granlund.
6:48 of 2nd period - Shot Misses the Net.
7:02 of 2nd period - Snap shot by Conor Garland.
7:02 of 2nd period - Shot Blocked by Marcus Pettersson.
7:04 of 2nd period - Wrist shot by Conor Garland.
7:04 of 2nd period - Shot Misses the Net.
7:30 of 2nd period - Wrist shot by Mikael Granlund.
7:30 of 2nd period - Stopped by Thatcher Demko without a rebound.
7:31 of 2nd period - Patrice Bergeron wins face-off versus Pierre-Luc Dubois in Chicago Black Hawks zone.
7:36 of 2nd period - Slapshot by Cale Makar.
7:36 of 2nd period - Stopped by Igor Shesterkin with a rebound.
7:53 of 2nd period - Minor Penalty to Brent Burns for Roughing.
7:54 of 2nd period - Barrett Hayton wins face-off versus Pierre-Luc Dubois in Chicago Black Hawks zone.
8:33 of 2nd period - Artemi Panarin is hit by Michael Rasmussen and loses puck.
9:53 of 2nd period - Penalty to Brent Burns is over, Brent Burns is back on ice.
10:05 of 2nd period - Off-side.
10:06 of 2nd period - Bo Horvat wins face-off versus David Kampf in neutral zone.
10:27 of 2nd period - Snap shot by Bo Horvat.
10:27 of 2nd period - Stopped by Igor Shesterkin with a rebound.
11:26 of 2nd period - Seth Jones is hit by Dmitry Kulikov and loses puck.
11:45 of 2nd period - Slapshot by Cale Makar.
11:45 of 2nd period - Stopped by Igor Shesterkin with a rebound.
12:34 of 2nd period - Wrist shot by Artemi Panarin.
12:34 of 2nd period - Stopped by Thatcher Demko with a rebound.
13:37 of 2nd period - Wrist shot by Artemi Panarin.
13:37 of 2nd period - Shot Hit the Post.
13:39 of 2nd period - Wrist shot by Pierre-Luc Dubois.
13:39 of 2nd period - Stopped by Thatcher Demko without a rebound.
13:40 of 2nd period - Bo Horvat wins face-off versus Pierre-Luc Dubois in Chicago Black Hawks zone.
14:09 of 2nd period - Slapshot by Patrice Bergeron.
14:09 of 2nd period - Stopped by Igor Shesterkin with a rebound.
14:31 of 2nd period - Marcus Pettersson is hit by Mikael Granlund and loses puck.
15:38 of 2nd period - Snap shot by Bo Horvat.
15:38 of 2nd period - Shot Blocked by Mark Giordano.
15:40 of 2nd period - Wrist shot by Kevin Fiala.
15:40 of 2nd period - Shot Misses the Net.
16:10 of 2nd period - Artemi Panarin is hit by Cale Makar and loses puck.
16:21 of 2nd period - Slapshot by Bo Horvat.
16:21 of 2nd period - Shot Misses the Net.
16:40 of 2nd period - Artemi Panarin is hit by Kirby Dach and loses puck.
17:08 of 2nd period - Patrice Bergeron is hit by Jake McCabe and loses puck.
17:18 of 2nd period - Icing by Filip Chytil.
17:19 of 2nd period - Bo Horvat wins face-off versus Filip Chytil in New York Rangers zone.
17:42 of 2nd period - Wrist shot by Cole Caufield.
17:42 of 2nd period - Shot Misses the Net.
17:54 of 2nd period - Slapshot by Mathew Barzal.
17:54 of 2nd period - Stopped by Thatcher Demko with a rebound.
17:56 of 2nd period - Slapshot by Mathew Barzal.
17:56 of 2nd period - Shot Misses the Net.
17:58 of 2nd period - Snap shot by Filip Chytil.
17:58 of 2nd period - New York Rangers goal is going for a video replay.
17:58 of 2nd period - The goal is good.
17:58 of 2nd period - Goal by Filip Chytil - New York Rangers : 2 - Chicago Black Hawks : 0.
17:59 of 2nd period - Patrice Bergeron wins face-off versus Mikael Granlund in neutral zone.
18:02 of 2nd period - Slapshot by Cale Makar.
18:02 of 2nd period - Stopped by Igor Shesterkin without a rebound.
18:03 of 2nd period - Barrett Hayton wins face-off versus Mikael Granlund in New York Rangers zone.
18:16 of 2nd period - Wrist shot by Patrice Bergeron.
18:16 of 2nd period - Stopped by Igor Shesterkin with a rebound.
18:27 of 2nd period - Cale Makar is hit by Cam Fowler and loses puck.
18:36 of 2nd period - Conor Sheary is hit by Pierre-Luc Dubois.
19:12 of 2nd period - Slapshot by David Kampf.
19:12 of 2nd period - Shot Misses the Net.
19:14 of 2nd period - Wrist shot by Tyler Motte.
19:14 of 2nd period - Shot Misses the Net.
19:16 of 2nd period - Wrist shot by Adam Larsson.
19:16 of 2nd period - Shot Blocked by Marcus Pettersson.
19:26 of 2nd period - Wrist shot by Nicholas Paul.
19:26 of 2nd period - Goal by Nicholas Paul - New York Rangers : 2 - Chicago Black Hawks : 1.
19:27 of 2nd period - Patrice Bergeron wins face-off versus Pierre-Luc Dubois in neutral zone.
19:40 of 2nd period - Wrist shot by Patrice Bergeron.
19:40 of 2nd period - Stopped by Igor Shesterkin without a rebound.
19:41 of 2nd period - Patrice Bergeron wins face-off versus Filip Chytil in New York Rangers zone.
19:42 of 2nd period - Snap shot by Barrett Hayton.
19:42 of 2nd period - Shot Misses the Net.
19:44 of 2nd period - Snap shot by Patrice Bergeron.
19:44 of 2nd period - Shot Misses the Net.
19:46 of 2nd period - Snap shot by Kirby Dach.
19:46 of 2nd period - Stopped by Igor Shesterkin without a rebound.
19:47 of 2nd period - Patrice Bergeron wins face-off versus Filip Chytil in New York Rangers zone.
19:52 of 2nd period - Slapshot by Barrett Hayton.
19:52 of 2nd period - Stopped by Igor Shesterkin with a rebound.
19:54 of 2nd period - Wrist shot by Cale Makar.
19:54 of 2nd period - Stopped by Igor Shesterkin without a rebound.
19:55 of 2nd period - Patrice Bergeron wins face-off versus Pierre-Luc Dubois in New York Rangers zone.
Goals for this period are 1 for New York Rangers vs 1 for Chicago Black Hawks.
Shots for this period are 9 for New York Rangers vs 12 for Chicago Black Hawks.
3rd period
0:01 of 3rd period - Pierre-Luc Dubois wins face-off versus Patrice Bergeron in neutral zone.
0:03 of 3rd period - Off-side.
0:04 of 3rd period - Patrice Bergeron wins face-off versus Pierre-Luc Dubois in neutral zone.
0:11 of 3rd period - Wrist shot by Patrice Bergeron.
0:11 of 3rd period - Shot Misses the Net.
1:04 of 3rd period - Wrist shot by Tyler Motte.
1:04 of 3rd period - Shot Misses the Net.
1:47 of 3rd period - Wrist shot by Patrice Bergeron.
1:47 of 3rd period - Shot Misses the Net.
2:01 of 3rd period - Snap shot by Conor Sheary.
2:01 of 3rd period - Deflect By Jaden Schwartz.
2:01 of 3rd period - Shot Blocked by Adam Larsson.
2:01 of 3rd period - Puck is out of play.
2:02 of 3rd period - Nicholas Paul wins face-off versus Filip Chytil in New York Rangers zone.
2:23 of 3rd period - Slapshot by Vincent Trocheck.
2:23 of 3rd period - Stopped by Igor Shesterkin with a rebound.
2:38 of 3rd period - Matthew Benning is hit by Bo Horvat and loses puck.
2:57 of 3rd period - Snap shot by Pierre-Luc Dubois.
2:57 of 3rd period - Stopped by Thatcher Demko with a rebound.
3:32 of 3rd period - Icing by Matthew Benning.
3:33 of 3rd period - Vincent Trocheck wins face-off versus Filip Chytil in New York Rangers zone.
4:52 of 3rd period - Snap shot by Shane Pinto.
4:52 of 3rd period - Stopped by Igor Shesterkin with a rebound.
4:54 of 3rd period - Slapshot by Michael Rasmussen.
4:54 of 3rd period - Deflect By Artemi Panarin.
4:54 of 3rd period - Stopped by Igor Shesterkin without a rebound.
4:55 of 3rd period - Pierre-Luc Dubois wins face-off versus Shane Pinto in New York Rangers zone.
5:33 of 3rd period - Snap shot by Nathan MacKinnon.
5:33 of 3rd period - Shot Misses the Net.
5:35 of 3rd period - Slapshot by Nathan MacKinnon.
5:35 of 3rd period - Shot Blocked by Michael Rasmussen.
5:37 of 3rd period - Snap shot by Nathan MacKinnon.
5:37 of 3rd period - Stopped by Thatcher Demko with a rebound.
5:39 of 3rd period - Wrist shot by Artemi Panarin.
5:39 of 3rd period - Goal by Artemi Panarin - New York Rangers : 3 - Chicago Black Hawks : 1.
5:40 of 3rd period - Filip Chytil wins face-off versus Patrice Bergeron in neutral zone.
5:45 of 3rd period - Seth Jones is hit by Filip Chytil and loses puck.
6:06 of 3rd period - Bo Horvat is hit by Mikael Granlund and loses puck.
6:15 of 3rd period - Vincent Trocheck is hit by Adam Larsson and loses puck.
6:52 of 3rd period - Backhand shot by Cam Fowler.
6:52 of 3rd period - Deflect By David Kampf.
6:52 of 3rd period - Shot Misses the Net.
6:52 of 3rd period - Puck is out of play.
6:53 of 3rd period - David Kampf wins face-off versus Barrett Hayton in Chicago Black Hawks zone.
7:14 of 3rd period - Slapshot by Cam Fowler.
7:14 of 3rd period - Shot Blocked by Seth Jones.
7:16 of 3rd period - Slapshot by Dmitry Kulikov.
7:16 of 3rd period - Stopped by Thatcher Demko with a rebound.
7:18 of 3rd period - Wrist shot by David Kampf.
7:18 of 3rd period - Deflect By Eric Robinson.
7:18 of 3rd period - Stopped by Thatcher Demko with a rebound.
7:20 of 3rd period - Slapshot by Cam Fowler.
7:20 of 3rd period - Stopped by Thatcher Demko without a rebound.
7:21 of 3rd period - Filip Chytil wins face-off versus Nicholas Paul in Chicago Black Hawks zone.
7:46 of 3rd period - Bo Horvat is hit by Jake McCabe and loses puck.
8:33 of 3rd period - Slapshot by Cale Makar.
8:33 of 3rd period - Shot Misses the Net.
8:35 of 3rd period - Wrist shot by Conor Sheary.
8:35 of 3rd period - Shot Misses the Net.
8:39 of 3rd period - Wrist shot by Conor Sheary.
8:39 of 3rd period - Stopped by Igor Shesterkin without a rebound.
8:40 of 3rd period - Bo Horvat wins face-off versus Pierre-Luc Dubois in New York Rangers zone.
9:33 of 3rd period - Slapshot by Cam Fowler.
9:33 of 3rd period - Stopped by Thatcher Demko with a rebound.
9:56 of 3rd period - Icing by Cam Fowler.
9:57 of 3rd period - Patrice Bergeron wins face-off versus David Kampf in New York Rangers zone.
9:58 of 3rd period - Slapshot by Kirby Dach.
9:58 of 3rd period - Shot Blocked by Tyler Motte.
10:06 of 3rd period - Snap shot by David Kampf.
10:06 of 3rd period - Stopped by Thatcher Demko without a rebound.
10:07 of 3rd period - Patrice Bergeron wins face-off versus Pierre-Luc Dubois in Chicago Black Hawks zone.
11:23 of 3rd period - Icing by Conor Garland.
11:24 of 3rd period - Mikael Granlund wins face-off versus Patrice Bergeron in New York Rangers zone.
11:29 of 3rd period - Snap shot by Kirby Dach.
11:29 of 3rd period - Shot Misses the Net.
11:57 of 3rd period - Bo Horvat is hit by Artemi Panarin and loses puck.
12:18 of 3rd period - Snap shot by Conor Sheary.
12:18 of 3rd period - Stopped by Igor Shesterkin with a rebound.
12:20 of 3rd period - Wrist shot by Jaden Schwartz.
12:20 of 3rd period - Shot Blocked by Cam Fowler.
12:22 of 3rd period - Wrist shot by Jaden Schwartz.
12:22 of 3rd period - Shot Blocked by Dmitry Kulikov.
12:24 of 3rd period - Slapshot by Marcus Pettersson.
12:24 of 3rd period - Stopped by Igor Shesterkin without a rebound.
12:25 of 3rd period - Nicholas Paul wins face-off versus Filip Chytil in New York Rangers zone.
13:20 of 3rd period - Matthew Benning is hit by Barrett Hayton and loses puck.
13:46 of 3rd period - Double Minor Penalty to Nicholas Paul for High sticking.
13:47 of 3rd period - Pierre-Luc Dubois wins face-off versus Barrett Hayton in Chicago Black Hawks zone.
13:51 of 3rd period - Wrist shot by Pierre-Luc Dubois.
13:51 of 3rd period - Shot Misses the Net.
13:55 of 3rd period - Slapshot by Artemi Panarin.
13:55 of 3rd period - Goal by Artemi Panarin - New York Rangers : 4 - Chicago Black Hawks : 1.
13:56 of 3rd period - Mikael Granlund wins face-off versus Barrett Hayton in neutral zone.
14:01 of 3rd period - Slapshot by Gabriel Landeskog.
14:01 of 3rd period - Stopped by Thatcher Demko without a rebound.
14:02 of 3rd period - Mikael Granlund wins face-off versus Barrett Hayton in Chicago Black Hawks zone.
14:17 of 3rd period - Snap shot by Mikael Granlund.
14:17 of 3rd period - Stopped by Thatcher Demko with a rebound.
14:31 of 3rd period - Slapshot by Mathew Barzal.
14:31 of 3rd period - Goal by Mathew Barzal - New York Rangers : 5 - Chicago Black Hawks : 1.
14:32 of 3rd period - Nathan MacKinnon wins face-off versus Nicholas Paul in neutral zone.
14:40 of 3rd period - Slapshot by Devon Toews.
14:40 of 3rd period - Stopped by Igor Shesterkin with a rebound.
15:07 of 3rd period - Snap shot by Cole Caufield.
15:07 of 3rd period - Stopped by Thatcher Demko with a rebound.
15:09 of 3rd period - Snap shot by Cole Caufield.
15:09 of 3rd period - Shot Misses the Net.
16:04 of 3rd period - Slapshot by Bo Horvat.
16:04 of 3rd period - Stopped by Igor Shesterkin without a rebound.
16:05 of 3rd period - Nicholas Paul wins face-off versus Filip Chytil in New York Rangers zone.
17:20 of 3rd period - Snap shot by Mathew Barzal.
17:20 of 3rd period - Deflect By Cole Caufield.
17:20 of 3rd period - Shot Misses the Net.
17:20 of 3rd period - Puck is out of play.
17:21 of 3rd period - Cole Caufield wins face-off versus Patrice Bergeron in Chicago Black Hawks zone.
18:15 of 3rd period - Wrist shot by Artemi Panarin.
18:15 of 3rd period - Shot Misses the Net.
18:38 of 3rd period - Barrett Hayton is hit by Adam Larsson and loses puck.
19:11 of 3rd period - Slapshot by Patrice Bergeron.
19:11 of 3rd period - Deflect By Kirby Dach.
19:11 of 3rd period - Shot Blocked by Nathan MacKinnon.
19:11 of 3rd period - Puck is out of play.
19:12 of 3rd period - Pierre-Luc Dubois wins face-off versus Bo Horvat in New York Rangers zone.
19:23 of 3rd period - Artemi Panarin is hit by Vincent Trocheck and loses puck.
19:38 of 3rd period - Nathan MacKinnon is hit by Nicholas Paul and loses puck.
Goals for this period are 3 for New York Rangers vs 0 for Chicago Black Hawks.
Shots for this period are 13 for New York Rangers vs 8 for Chicago Black Hawks.
Back to the Top